 Dungeon Crawl Stone Soup version 0.30.0 (webtiles) character file.

Game seed: 5821863868449081289

79 hawla the Firebug (level 4, -2/33 HPs)
             Began as a Meteoran Fire Elementalist on May 5, 2023.
             Slain by Pargi (3 damage)
             ... on level 3 of the Dungeon.
             The game lasted 00:04:26 (557 turns).

hawla the Firebug (Meteoran Fire Elementalist)       Turns: 557, Time: 00:04:26

Health: -2/33      AC:  2    Str:  9    XL:     4   Next: 94%
Magic:  3/10       EV: 13    Int: 18    God:
Gold:   33         SH:  0    Dex: 15    Spells: 3/9 levels left

rFire   . . .        d - staff of conjuration
rCold   . . .        (no shield)
rNeg    . . .        a - +0 robe
rPois   .            (no helmet)
rElec   .            (no cloak)
rCorr   .            (no gloves)
SInv    .            (no boots)
Will    .....        (no amulet)
Stlth   +            (no ring)
HPRegen 0.25/turn    (no ring)
MPRegen 0.12/turn

%: no passive effects
@: flying, glowing
A: sense surroundings 1, otherworldly, glowing, explore regen
a: no special abilities


You were on level 3 of the Dungeon.
You visited 1 branch of the dungeon, and saw 3 of its levels.
You also visited: Sewer.

You collected 33 gold pieces.

Inventory:

Armour
 a - a +0 robe (worn)
Magical Staves
 d - a staff of conjuration (weapon)
Scrolls
 e - a scroll of immolation
Potions
 b - a potion of magic
 g - 2 potions of berserk rage


   Skills:
 - Level 0.1 Fighting
 - Level 0.8 Staves
 - Level 3.0 Dodging
 - Level 1.4 Stealth
 - Level 3.4 Spellcasting
 - Level 1.6 Conjurations
 + Level 1.8 Translocations
 - Level 4.5 Fire Magic


You had 3 spell levels left.
You knew the following spells:

 Your Spells              Type           Power      Damage    Failure   Level
a - Foxfire               Conj/Fire      84%        2x1d8     4%          1
b - Scorch                Fire           38%        2d6       3%          2
c - Volatile Blastmotes   Fire/Tloc      28%        2d12      13%         3

Your spell library contained the following spells:

 Spells                   Type           Power      Damage    Failure   Level
 Inner Flame              Hex/Fire       11%        N/A       19%         3
 Flame Wave               Conj/Fire      21%        2d8       41%         4


Dungeon Overview and Level Annotations

Branches:
Dungeon (3/15) Zot: 1287    Sewer (visited)

Altars:

Annotations:
D:3 Pargi


Innate Abilities, Weirdness & Mutations

You passively map a small area around you.
You are easily found by Zot.
You glow in the dark.
You regain HP and MP as you explore.


Message History

Pargi bites you but does no damage. Pargi claws you but does no damage.
Pargi claws you.
Casting: Scorch (safe; 3% risk of failure)
Confirm with . or Enter, or press ? or * to list all spells.
You don't have enough magic to cast this spell.
It was a potion of curing.
You feel better. Pargi barely misses you. Pargi completely misses you.
Pargi claws you.
It was a potion of flight.
You feel very buoyant.
You fly up into the air.
Pargi is no longer more vulnerable to fire.
Pargi closely misses you. Pargi barely misses you. Pargi claws you.
Okay, then.
Okay, then.
There is a gate leading back out of this place here.
Pargi bites you but does no damage. Pargi claws you. x2
Welcome back to the Dungeon!
There is a collapsed entrance here.
Pargi attacks as you move away! Pargi bites you. Pargi barely misses you.
Pargi claws you.
Pargi snarls, "Go!
Away!"
Pargi attacks as you move away! Pargi bites you but does no damage.
Pargi barely misses you. Pargi claws you. Pargi attacks as you move away!
Pargi barely misses you. Pargi closely misses you. Pargi barely misses you.
Pargi attacks as you move away! Pargi bites you! Pargi claws you.
Pargi closely misses you. Pargi attacks as you move away! Pargi bites you.
* * * LOW HITPOINT WARNING * * *
Pargi claws you.
* * * LOW HITPOINT WARNING * * *
Pargi barely misses you. Pargi attacks as you move away! Pargi bites you.
* * * LOW HITPOINT WARNING * * *
Pargi barely misses you. Pargi claws you.
* * * LOW HITPOINT WARNING * * *
Pargi attacks as you move away! Pargi bites you.
* * * LOW HITPOINT WARNING * * *
Pargi misses you. Pargi claws you.
You die...

#,......# #.##.......... ,
#.##.#.######.##.######...
.......##......#.# #... **
, .....##.###....# #.##
.#.#<.##.####.### #... *
,......†....##.# ####
..(#.###.#.##.# ,*
#.#.##.# #@.....# ,
##T....## , *
*##...)...########
#...............# * ,
##.......######.# * ,
##.###########.#
#..~~~~~~†~~..# , *
#..~~~~.~†~††.#
##.~~~~~~~~~.##


You could see Pargi (inner flame).

Vanquished Creatures
  4 gnolls (D:3)
  An adder (D:3)
  A dart slug (D:3)
  An orc (D:3)
  2 endoplasms
  3 giant cockroaches (D:3)
  A goblin (D:2)
  A hobgoblin (D:1)
  3 jackals (D:2)
  2 quokkas (D:3)
  3 ball pythons
  4 bats
  5 rats
31 creatures vanquished.

Vanquished Creatures (others)
  60 foxfires
60 creatures vanquished.

Grand Total: 91 creatures vanquished

Notes
Turn   | Place    | Note
-------+----------+-------------------------------------------
     0 | D:1      | hawla the Meteoran Fire Elementalist began the quest for
                  | the Orb.
     0 | D:1      | Reached XP level 1. HP: 14/14 MP: 5/5
   118 | D:2      | Reached XP level 2. HP: 5/20 MP: 3/6
   157 | D:3      | Learned a level 2 spell: Scorch
   247 | D:3      | Reached skill level 4 in Fire Magic
   295 | D:3      | Reached XP level 3. HP: 26/26 MP: 4/8
   301 | D:3      | Reached XP level 4. HP: 33/33 MP: 0/10
   329 | D:3      | Learned a level 3 spell: Volatile Blastmotes
   353 | D:3      | Reached skill level 1 in Translocations
   479 | D:3      | Found a glowing drain.
   497 | Sewer    | Entered a sewer
   519 | Sewer    | Noticed Pargi
   557 | D:3      | HP: 1/33 [Pargi (2)]
   557 | D:3      | Slain by Pargi

Illustrated notes

Levels and vault maps discovered:
D:1:      dpeg_arrival_stone_temple_mockup, layout_loops_ring, serial_shops,
          shop, minmay_misc_feat_square, dreamdust_princess_bridge,
          grunt_decor_clamped
D:2:      layout_rooms
D:3:      layout_loops_cross, portal_sewer_entry_f

Skill      XL: |  1  2  3  4 |
---------------+-------------+-----
Spellcasting   | 3 |  3.4
Fire Magic     | 4 |  4.5
Dodging        | 3 |  3.0
Translocations | 1 |  1.8
Fighting       | |  0.1
Staves         | |  0.8
Stealth        | |  1.4
Conjurations   | |  1.6

Action                     |  1- 3 |  4- 6 || total
---------------------------+-------+-------++-------
  Melee: Unarmed           |     2 |       ||     2
         Staff             |     3 |     9 ||    12
   Cast: Foxfire           |    24 |    13 ||    37
         Scorch            |     2 |     9 ||    11
    Use: Scroll            |     4 |     1 ||     5
         Potion            |       |     3 ||     3
 Armour: Robe              |     1 |     7 ||     8
  Dodge: Dodged            |     2 |    30 ||    32
